 Dungeon Crawl Stone Soup version 0.31-a0-150-g89dc3ad700 (webtiles) character file.

Game seed: 10758516066546594602

236 Dittersdorf the Trooper (level 6, -2/32 (48) HPs)
             Began as a Human Fighter on June 8, 2023.
             Slain by Edmund
             ... wielding a +3 flail of draining
              (7 damage)
             ... on level 3 of the Dungeon.
             The game lasted 00:03:36 (1982 turns).

Dittersdorf the Trooper (Human Fighter)             Turns: 1982, Time: 00:03:36

HP:   -2/32 (48)    AC:  7    Str: 18    XL:     6   Next: 27%
MP:   6/6           EV:  9    Int:  9    God:
Gold: 181           SH:  5    Dex: 12    Spells: 5/5 levels left

rFire   . . .        a - +0 long sword
rCold   . . .        c - +0 buckler
rNeg    . . .        b - +0 scale mail
rPois   .            (no helmet)
rElec   .            (no cloak)
rCorr   .            (no gloves)
SInv    .            (no boots)
Will    .....        k - amulet of regeneration Stlth
                     (no ring)
HPRegen 1.05/turn    (no ring)
MPRegen 0.10/turn

%: no passive effects
@: very heavily drained
A: no striking features
a: no special abilities


You were on level 3 of the Dungeon.
You visited 1 branch of the dungeon, and saw 4 of its levels.

You collected 181 gold pieces.

Inventory:

Hand Weapons
 a - a +0 long sword (weapon)
Missiles
 e - 9 poisoned darts
Armour
 b - a +0 scale mail (worn)
 c - a +0 buckler (worn)
Jewellery
 k - an amulet of regeneration (around neck)
Scrolls
 f - 2 scrolls of enchant weapon {unknown}
 g - a scroll of magic mapping {unknown}
 h - a scroll of torment {unknown}
 l - a scroll of enchant armour {unknown}
 m - 3 scrolls of poison
 o - a scroll of teleportation
Potions
 d - 3 potions of might
 n - a potion of enlightenment
 p - a potion of invisibility
 q - a potion of berserk rage
 r - a potion of ambrosia
 s - 2 potions of heal wounds


   Skills:
 + Level 4.1 Fighting
 + Level 3.4 Long Blades
 + Level 4.1 Armour
 + Level 4.1 Shields


You had 5 spell levels left.
You didn't know any spells.
Your spell library contained the following spells:

 Spells                   Type           Power      Damage    Failure   Level
 Necrotise                Necr           0%         1d4       83%         1
 Lesser Beckoning         Tloc           0%         N/A       93%         2
 Gell's Gravitas          Tloc           0%         N/A       99%         3
 Ozocubu's Armour         Ice            0%         N/A       99%         3
 Teleport Other           Tloc           0%         N/A       99%         3
 Vampiric Draining        Necr           0%         2d6       99%         3
 Passage of Golubria      Tloc           0%         N/A       100%        4
 Agony                    Necr           0%         N/A       100%        5
 Silence                  Hex/Air        0%         N/A       100%        5
 Ozocubu's Refrigeration  Ice            0%         4d7       100%        7
 Lehudib's Crystal Spear  Conj/Erth      0%         10d2      100%        8


Dungeon Overview and Level Annotations

Branches:
Dungeon (4/15)
 Temple: D:4-7

Altars:
Qazlal

Shops:
D:3 ?

Annotations:
D:3 3 runed translucent doors, Edmund; comborobin's ghost, weakling DEDe


Message History

Edmund hits you with a +3 flail of draining.
You feel drained.
You climb upwards.
Level annotation: 3 runed translucent doors, comborobin's ghost, weakling DEDe
There is a stone staircase leading down here.
You hit Edmund.
Edmund is lightly wounded.
Edmund closely misses you.
You barely miss Edmund.
Edmund is lightly wounded.
Edmund hits you with a +3 flail of draining!
You feel drained.
You closely miss Edmund. Edmund hits you but does no damage.
You feel drained.
You barely miss Edmund.
Edmund hits you with a +3 flail of draining.
You feel drained.
Edmund hits you with a +3 flail of draining!
You feel drained.
* * * LOW HITPOINT WARNING * * *
You barely miss Edmund.
Edmund hits you with a +3 flail of draining!
* * * LOW HITPOINT WARNING * * *
You feel drained. Edmund attacks as you move away! Edmund closely misses you.
Edmund attacks as you move away! You block Edmund's attack.
Edmund attacks as you move away! Edmund barely misses you.
Edmund attacks as you move away! You block Edmund's attack.
Edmund attacks as you move away!
Edmund hits you with a +3 flail of draining.
* * * LOW HITPOINT WARNING * * *
You feel drained.
* * * LOW HITPOINT WARNING * * *
Edmund attacks as you move away!
Edmund hits you with a +3 flail of draining.
* * * LOW HITPOINT WARNING * * *
You feel drained.
* * * LOW HITPOINT WARNING * * *
Edmund attacks as you move away!
Edmund hits you with a +3 flail of draining!
You die...

####### ###..#..
#.....#########....
#...........>......
#.....###########..
###.### #... #.#
#... #.# #.## ##@#
##.## #@.# ###..#
#.## #...## #.#
#####.### #.#
#.......# #.#
###.......## #.#
#.#........# #.#
#.########.# #.#
#.## #.# #.# #..#
#.#


You could see Edmund.

Vanquished Creatures
  An iguana (D:3)
  11 gnolls
  5 adders
  A worm (D:2)
  2 dart slugs (D:2)
  An orc (D:3)
  3 endoplasms
  6 giant cockroaches
  8 goblins
  3 hobgoblins
  2 kobolds
  2 quokkas (D:1)
  3 ball pythons (D:2)
  3 bats (D:1)
  6 frilled lizards
  5 rats
62 creatures vanquished.

Vanquished Creatures (others)
  A kobold (D:3)
1 creature vanquished.

Grand Total: 63 creatures vanquished

Notes
Turn   | Place    | Note
-------+----------+-------------------------------------------
     0 | D:1      | Dittersdorf the Human Fighter began the quest for the Orb.
     0 | D:1      | Reached XP level 1. HP: 18/18 MP: 1/1
   186 | D:1      | Reached XP level 2. HP: 22/24 MP: 2/2
   403 | D:1      | Reached XP level 3. HP: 26/29 MP: 3/3
   483 | D:2      | Reached XP level 4. HP: 35/35 MP: 4/4
   764 | D:2      | Reached XP level 5. HP: 41/42 MP: 5/5
  1294 | D:3      | Found Mimuosm's Magic Scroll Boutique.
  1337 | D:3      | Found a runed translucent gate.
  1337 | D:3      | Found a runed translucent gate.
  1337 | D:3      | Found a runed translucent gate.
  1339 | D:3      | Noticed comborobin's ghost (weakling DEDe)
  1341 | D:3      | Noticed a black bear
  1389 | D:3      | Found a stormy altar of Qazlal.
  1516 | D:3      | Reached XP level 6. HP: 48/48 MP: 6/6
  1945 | D:4      | Noticed Edmund
  1968 | D:3      | HP: 1/38 [Edmund/+3 flail of draining (10)]
  1982 | D:3      | Slain by Edmund

Illustrated notes

Levels and vault maps discovered:
D:1:      grunt_arrival_lava_bath, layout_rooms
D:2:      layout_loops_ring, minmay_tripent
D:3:      layout_rooms, nicolae_qazlal_scattered_showers, serial_shops, shop,
          gammafunk_ghost_split, chequers_avenue
D:4:      layout_loops_cross, uniq_edmund, uniq_pikel, uniq_duvessa

Skill      XL: |  1  2  3  4  5 |
---------------+----------------+-----
Long Blades    | 3 |  3.4
Fighting       | 4 |  4.1
Armour         | 4 |  4.1
Shields        | 4 |  4.1

Action                     |  1- 3 |  4- 6 || total
---------------------------+-------+-------++-------
  Melee: Long sword        |    65 |   157 ||   222
    Use: Scroll            |       |     8 ||     8
 Armour: Scale mail        |    33 |    59 ||    92
  Dodge: Dodged            |    31 |    76 ||   107
  Block: Buckler           |    18 |    34 ||    52

Table legend: (Time is in decaauts)
 A = Elapsed time spent in this place.
 B = Non-inter-level travel time spent in this place.
 C = Inter-level travel time spent in this place.
 D = Time resting spent in this place.
 E = Time spent auto-exploring this place.
 F = Levels seen in this place.
 G = Mean time per level.
                   A        B        C        D        E       F      G
               +--------+--------+--------+--------+--------+-----+--------+
         Total |   2054 |   1964 |     90 |    182 |   1190 |   4 |  513.5 |
       Dungeon |   2054 |   1964 |     90 |    182 |   1190 |   4 |  513.5 |
               +--------+--------+--------+--------+--------+-----+--------+

Top non-repeatable levels by time:
     D:2: 682 daAuts
     D:1: 669 daAuts
     D:3: 637 daAuts
     D:4: 64 daAuts
